 Dungeon Crawl Stone Soup version 0.22.0-49-gab54619 (webtiles) character file.

22757 Marcoleric the Severer (level 13, 0/119 HPs)
             Began as a Hill Orc Fighter on Sept 7, 2018.
             Was an Elder of the Shining One.
             Slain by Rupert
             ... wielding a +4 battleaxe of electrocution
              (19 damage)
             ... on level 15 of the Dungeon.
             The game lasted 00:56:06 (11582 turns).

Marcoleric the Severer (Hill Orc Fighter)          Turns: 11582, Time: 00:56:07

Health: 0/119      AC: 18    Str: 24    XL:     13   Next: 2%
Magic:  13/13      EV:  7    Int:  8    God:    the Shining One [****..]
Gold:   629        SH: 12    Dex: 10    Spells: 12/12 levels left

rFire    . . .     SeeInvis .   a - +3 war axe
rCold    . . .     Gourm    .   c - +0 shield
rNeg     + + .     Faith    .   m - +2 plate armour
rPois    .         Spirit   .   (no helmet)
rElec    .         Reflect  .   (no cloak)
rCorr    +         Harm     .   C - +0 pair of gloves
MR       .....                  (no boots)
Stlth    ..........             v - amulet of regeneration
HPRegen  0.69/turn              B - ring of flight
MPRegen  0.13/turn              A - ring of resist corrosion

@: glowing
A: mutation resistance 1
a: Divine Shield, Cleansing Flame, Renounce Religion, Evoke Flight


You were on level 15 of the Dungeon.
You worshipped the Shining One.
The Shining One was greatly pleased with you.
You were not hungry.

You visited 2 branches of the dungeon, and saw 15 of its levels.
You also visited: Sewer.

You collected 629 gold pieces.

Inventory:

Hand Weapons
 a - a +3 war axe (weapon)
Missiles
 x - 11 tomahawks of returning (quivered)
Armour
 c - a +0 shield (worn)
 m - a +2 plate armour (worn)
 C - a +0 pair of gloves (worn)
Jewellery
 b - an uncursed ring of stealth
 r - an uncursed ring of wizardry
 v - an amulet of regeneration (around neck)
 w - an uncursed amulet of rage
 A - a ring of resist corrosion (right hand)
 B - a ring of flight (left hand)
Wands
 e - a wand of digging (26)
 k - a wand of random effects (30)
 t - a wand of enslavement (26)
 u - a wand of flame (27)
 F - a wand of acid (6)
Scrolls
 h - 6 scrolls of remove curse
 j - a scroll of amnesia
 n - 5 scrolls of teleportation
 o - a scroll of magic mapping
 y - a scroll of blinking
Potions
 g - 6 potions of agility
 i - 8 potions of lignification
 l - 4 potions of brilliance
 p - 4 potions of flight
 s - 2 potions of curing
Comestibles
 f - 23 rations


   Skills:
 + Level 12.3 Fighting
 + Level 16.0 Axes
 + Level 0.1 Throwing
 * Level 11.0 Armour
 + Level 1.1 Dodging
 + Level 0.1 Stealth
 * Level 11.2 Shields


You had 12 spell levels left.
You didn't know any spells.
Your spell library contained the following spells:

 Spells                   Type           Power        Failure   Level  Hunger
 Animate Skeleton         Necr           N/A          100%        1    ##.....
 Flame Tongue             Conj/Fire      #....        100%        1    ##.....
 Magic Dart               Conj           #...         100%        1    ##.....
 Pain                     Necr           #...         100%        1    ##.....
 Blink                    Tloc           N/A          100%        2    ###....
 Call Imp                 Summ           #.......     100%        2    ###....
 Slow                     Hex            #.......     100%        2    ###....
 Throw Flame              Conj/Fire      #.....       100%        2    ###....
 Conjure Flame            Conj/Fire      #.......     100%        3    ####...
 Inner Flame              Hex/Fire       #.......     100%        3    ####...
 Mephitic Cloud           Conj/Pois/Air  #.......     100%        3    ####...
 Regeneration             Chrm/Necr      #.........   100%        3    ####...
 Vampiric Draining        Necr           #.........   100%        3    ####...
 Animate Dead             Necr           N/A          100%        4    #####..
 Cause Fear               Hex            #.........   100%        4    #####..
 Sticky Flame             Conj/Fire      #.......     100%        4    #####..
 Fireball                 Conj/Fire      #.........   100%        5    ######.
 Silence                  Hex/Air        #.........   100%        5    ######.
 Yara's Violent Unravell  Hex/Tmut       #.........   100%        5    ######.
 Deflect Missiles         Chrm/Air       #.........   100%        6    #######
 Discord                  Hex            #.........   100%        8    #######


Dungeon Overview and Level Annotations

Branches:
Dungeon (13/15)            Temple (1/1) D:4            Lair (0/6) D:11
    Orc (0/2) D:10
 Vaults: D:13-14

Altars:
Ashenzari
Cheibriados
Dithmenos
Elyvilon
Fedhas
Gozag
Hepliaklqana
Kikubaaqudgha
Makhleb
Nemelex Xobeh
Okawaru
Qazlal
Ru
Sif Muna
Trog
Uskayaw
Vehumet
Wu Jian
Xom
Yredelemnul
Zin
The Shining One
Beogh

Shops:
D:7 *

Annotations:
D:13 Nessos
D:15 Rupert


Innate Abilities, Weirdness & Mutations

You are somewhat resistant to further mutation.


Message History

You slash Rupert!
Rupert is heavily wounded.
Rupert struggles against the net.
You slash Rupert!
Rupert is heavily wounded.
Rupert struggles against the net.
The net rips apart, and Rupert comes free!
You slash Rupert!
Rupert is severely wounded.
Rupert hits you with a battleaxe of electrocution!!
* * * LOW HITPOINT WARNING * * *
You hit Rupert.
Rupert is severely wounded.
Rupert hits you but does no damage.
Rupert rages.
You block Rupert's attack.
Rupert hits you with a battleaxe of electrocution!
* * * LOW HITPOINT WARNING * * *
You are electrocuted!
You die...

#.....#........#
#.....#........# ####+##
#...(.#....... ......
#.....#.)..# #....#
#'###(#.)..# #....#
........)..# #....#####
......<.)..# #...(....#
...........##+#####........#
................@@.........#
...........########........#
...........# #........#
...........# #........#
........)..# #....#####
.........#+# #....#
.........# #....###
..######.# #......# ..# #.#
#......#


You could see Rupert (berserk).

Vanquished Creatures
  A centaur warrior (D:12)
  5 two-headed ogres
  2 unseen horrors
  Pikel (D:9)
  An orc knight (D:10)
  A wolf spider (D:15)
  2 cyclopes
  9 ugly things
  2 deep elf magi
  A manticore (D:12)
  A centaur zombie (D:10)
  Psyche (D:11)
  2 kobold demonologists (D:11)
  A komodo dragon (D:11)
  2 trolls
  A hornet (D:11)
  A hippogriff (D:12)
  A water elemental (D:12)
  Sigmund (D:6)
  Menkaure (D:4)
  Edmund (D:6)
  A soldier ant (D:11)
  2 water moccasins
  A black bear (D:10)
  3 ice beasts
  4 orc warriors
  2 slaves (D:9)
  2 necrophages
  5 phantoms
  7 sky beasts
  An eye of draining (D:12)
  6 ogres
  6 centaurs
  2 crocodiles
  8 big kobolds
  7 bullfrogs
  7 scorpions
  8 killer bees
  3 howler monkeys
  5 electric eels (D:12)
  4 crimson imps
  4 quasits (D:4)
  4 bullfrog zombies
  5 jellies
  9 orc priests
  14 orc wizards
  Crazy Yiuf (D:5)
  7 hounds
  Jessica (D:2)
  4 bullfrog skeletons
  3 centaur skeletons
  2 iguanas (D:9)
  13 worker ants
  A hound skeleton (D:9)
  A worker ant zombie (D:5)
  7 gnolls
  A howler monkey skeleton (D:8)
  15 adders
  5 shadow imps
  An ooze (D:2)
  An adder zombie (D:5)
  4 worms
  2 dart slugs
  5 leopard geckos
  57 orcs
  A ball python (Sewer)
  10 giant cockroaches
  9 hobgoblins
  24 jackals
  25 kobolds
  4 quokkas
  10 bats
  4 frilled lizards
  8 goblins
  A leopard gecko skeleton (D:9)
  A quokka zombie (D:9)
  10 rats
  2 fungi (Sewer)
  2 plants (Sewer)
400 creatures vanquished.

Vanquished Creatures (others)
  A slave (D:9)
  An ogre (D:9)
  A plant (D:11)
3 creatures vanquished.

Grand Total: 403 creatures vanquished

Notes
Turn   | Place    | Note
-------+----------+-------------------------------------------
     0 | D:1      | Marcoleric the Hill Orc Fighter began the quest for the
                  | Orb.
     0 | D:1      | Reached XP level 1. HP: 19/19 MP: 1/1
    47 | D:1      | Reached XP level 2. HP: 25/27 MP: 2/2
   152 | D:1      | Reached skill level 3 in Axes
   206 | D:1      | Reached XP level 3. HP: 30/33 MP: 3/3
   647 | D:2      | Noticed Jessica
   659 | D:2      | Killed Jessica
   659 | D:2      | Reached skill level 4 in Axes
   659 | D:2      | Reached XP level 4. HP: 20/40 MP: 4/4
  1230 | D:2      | Reached XP level 5. HP: 43/46 MP: 5/5
  1575 | D:3      | Reached skill level 5 in Axes
  2355 | D:4      | Noticed Menkaure
  2361 | D:4      | Killed Menkaure
  2361 | D:4      | Reached skill level 6 in Axes
  2361 | D:4      | Reached XP level 6. HP: 37/55 MP: 6/6
  2404 | D:4      | Noticed a phantom
  2419 | D:4      | Killed a phantom
  2466 | D:4      | Reached XP level 7. HP: 59/60 MP: 7/7
  2472 | D:4      | Found a glowing drain.
  2476 | Sewer    | Entered a sewer
  2600 | Sewer    | Gained mutation: You are somewhat resistant to further
                  | mutation. [potion of mutation]
  2657 | Sewer    | Reached skill level 5 in Shields
  2658 | Sewer    | Reached skill level 5 in Fighting
  2658 | Sewer    | Reached skill level 5 in Armour
  2663 | Sewer    | Reached skill level 7 in Axes
  3068 | D:4      | Reached XP level 8. HP: 57/68 MP: 8/8
  3219 | D:4      | Reached skill level 8 in Axes
  3610 | D:4      | Found a staircase to the Ecumenical Temple.
  3619 | Temple   | Entered the Ecumenical Temple
  3894 | Temple   | Became a worshipper of the Shining One
  3932 | D:5      | Entered Level 5 of the Dungeon
  4443 | D:5      | Reached skill level 1 in Dodging
  4824 | D:5      | Found a runed door.
  4828 | D:5      | Noticed Crazy Yiuf
  4836 | D:5      | Killed Crazy Yiuf
  4861 | D:6      | Noticed Sigmund
  4884 | D:6      | Killed Sigmund
  4884 | D:6      | Reached skill level 9 in Axes
  4884 | D:6      | Reached XP level 9. HP: 78/78 MP: 9/9
  4996 | D:6      | Noticed Edmund
  5015 | D:6      | Killed Edmund
  5287 | D:6      | Reached skill level 10 in Axes
  5685 | D:7      | Reached * piety under the Shining One
  5795 | D:7      | Found Yfooc's General Store.
  6187 | D:8      | Reached skill level 11 in Axes
  6614 | D:8      | Reached XP level 10. HP: 82/88 MP: 10/10
  6799 | D:9      | Reached ** piety under the Shining One
  6829 | D:9      | Found an iron altar of Okawaru.
  7355 | D:9      | Noticed a two-headed ogre
  7362 | D:9      | Noticed Pikel
  7386 | D:9      | Killed a two-headed ogre
  7386 | D:9      | Reached skill level 12 in Axes
  7410 | D:9      | Killed Pikel
  7769 | D:10     | Entered Level 10 of the Dungeon
  7784 | D:10     | Noticed an orc knight
  7809 | D:10     | Killed an orc knight
  8025 | D:10     | Reached XP level 11. HP: 99/99 MP: 11/11
  8060 | D:10     | Reached *** piety under the Shining One
  8065 | D:10     | Reached skill level 10 in Fighting
  8072 | D:10     | Found a roughly hewn altar of Beogh.
  8072 | D:10     | Found a staircase to the Orcish Mines.
  8086 | D:10     | Reached skill level 13 in Axes
  8228 | D:10     | Noticed a two-headed ogre
  8236 | D:10     | Killed a two-headed ogre
  8655 | D:11     | Noticed Psyche
  8672 | D:11     | Killed Psyche
  8736 | D:11     | Noticed a green ugly thing
  8787 | D:11     | Noticed a deep elf mage
  8803 | D:11     | Killed a deep elf mage
  8926 | D:11     | Noticed an unseen horror
  8941 | D:11     | Found a sacrificial altar of Ru.
  9210 | D:11     | Killed a green ugly thing
  9350 | D:11     | Noticed a two-headed ogre
  9350 | D:11     | Reached **** piety under the Shining One
  9364 | D:11     | Killed a two-headed ogre
  9364 | D:11     | Reached skill level 14 in Axes
  9515 | D:11     | Found a staircase to the Lair.
  9535 | D:11     | Killed an unseen horror
  9961 | D:11     | Noticed a sixfirhy
  9968 | D:11     | Reached skill level 10 in Shields
  9980 | D:11     | Reached XP level 12. HP: 72/110 MP: 12/12
 10174 | D:12     | Reached skill level 10 in Armour
 10397 | D:12     | Noticed a two-headed ogre
 10407 | D:12     | Killed a two-headed ogre
 10407 | D:12     | Reached skill level 15 in Axes
 10960 | D:13     | Noticed a centaur warrior
 10961 | D:13     | Noticed Nessos
 10962 | D:13     | Noticed a five-headed hydra
 10974 | D:12     | Killed a centaur warrior
 11033 | D:13     | You fall through a shaft for 2 floors!
 11033 | D:15     | Entered Level 15 of the Dungeon
 11084 | D:15     | Noticed a two-headed ogre
 11094 | D:15     | Killed a two-headed ogre
 11537 | D:15     | Reached skill level 16 in Axes
 11537 | D:15     | Reached XP level 13. HP: 78/119 MP: 13/13
 11555 | D:15     | Noticed Rupert
 11565 | D:15     | Paralysed by Rupert for 5 turns
 11582 | D:15     | Slain by Rupert

Skill      XL: |  1  2  3  4  5  6  7  8  9 10 11 12 |
---------------+-------------------------------------+-----
Fighting       | 4 5 6 8 9 11 12 | 12.3
Axes           | 3 4 6 7 9 11 12 14 16 | 16.0
Armour         | 4 5 6 8 9 11 | 11.0
Shields        | 4 5 7 8 9 10 11 | 11.2
Dodging        | 1 |  1.1
Throwing       | |  0.1
Stealth        | |  0.1

Action                   |  1- 3 |  4- 6 |  7- 9 | 10-12 | 13-15 || total
-------------------------+-------+-------+-------+-------+-------++-------
Melee: War axe           |    72 |   153 |   496 |   648 |    12 ||  1381
Throw: Throwing net      |       |       |     1 |       |     1 ||     2
Evoke: Wand              |       |       |     1 |       |       ||     1
  Use: Scroll            |     2 |     6 |     3 |    13 |     1 ||    25
       Potion            |     1 |     2 |     4 |    10 |     1 ||    18
  Eat: Chunk             |       |     2 |       |       |       ||     2
       Ration            |       |     1 |     4 |     5 |       ||    10
Armor: Scale mail        |    34 |    37 |       |       |       ||    71
       Plate armour      |       |    59 |   469 |   287 |     3 ||   818
Dodge: Dodged            |    35 |    47 |   122 |   117 |     2 ||   323
Block: Shield            |    43 |    92 |   310 |   367 |     1 ||   813
